 Dungeon Crawl Stone Soup version 0.29.0-10-g45618ea6d2 (webtiles) character file.

Game seed: 17954363961516754450

77 sanka the Cudgeller (level 4, -3/28 HPs)
             Began as a Gargoyle Monk on Sept 1, 2022.
             Splashed by a jelly's acid (7 damage)
             ... on level 4 of the Dungeon.
             The game lasted 00:03:09 (3127 turns).

sanka the Cudgeller (Gargoyle Monk)                 Turns: 3127, Time: 00:03:09

Health: -3/28      AC: -1    Str: 16    XL:     4   Next: 34%
Magic:  4/4        EV: 12    Int: 11    God:
Gold:   103        SH:  0    Dex: 12    Spells: 3/3 levels left

rFire   . . .      SeeInvis +   a - +0 mace
rCold   . . .      Faith    .   (no shield)
rNeg    + . .      Spirit   .   i - +0 leather armour
rPois   ∞          Reflect  +   (no helmet)
rElec   +          Harm     .   (no cloak)
rCorr   .          Rampage  .   (no gloves)
Will    .....                   (no boots)
Stlth   +.........              n - amulet of reflection
HPRegen 0.09/turn               (no ring)
MPRegen 0.09/turn               g - ring of see invisible

@: confused, ambrosia-drunk, corroded
A: sickness immunity, AC +3, negative energy resistance 1, electricity
resistance, torment resistance 1, petrification resistance
a: no special abilities


You were on level 4 of the Dungeon.
You visited 1 branch of the dungeon, and saw 4 of its levels.

You collected 103 gold pieces.


Innate Abilities, Weirdness & Mutations

You are immune to sickness and miasma.
Your stone body is resilient. (AC +3)
You are immune to poison.
You resist negative energy. (rN+)
You are resistant to electric shocks. (rElec)
You are resistant to unholy torment.
You are immune to petrification.


   Skills:
 - Level 3.2 Fighting
 + Level 5.0 Maces & Flails
 - Level 2.4 Dodging
 - Level 2.1 Stealth


You had 3 spell levels left.
You didn't know any spells.
Your spell library contained the following spells:

 Spells                   Type           Power      Damage    Failure   Level
 Blink                    Tloc           0%         N/A       54%         2
 Lesser Beckoning         Tloc           0%         N/A       78%         3
 Manifold Assault         Tloc           0%         N/A       100%        5

Inventory:

Hand Weapons
 a - a +0 mace (weapon)
Armour
 i - a +0 leather armour (worn)
Magical Staves
 f - a staff of fire
Jewellery
 g - a ring of see invisible (right hand)
 n - an amulet of reflection (around neck)
Scrolls
 e - 7 scrolls of identify {unknown}
 k - a scroll of immolation {unknown}
 m - 2 scrolls of noise {unknown}
 p - a scroll of torment {unknown}
Potions
 b - a potion of brilliance {unknown}
 d - a potion of berserk rage {unknown}
 h - a potion of lignification {unknown}
 j - a potion of curing {unknown}
 l - 3 potions of resistance {unknown}
 o - a potion of degeneration {unknown}
 q - a potion of cancellation {unknown}
 r - a potion of haste {unknown}

Dungeon Overview and Level Annotations

Branches:
Dungeon (4/15)
 Temple: D:4-7

Altars:
Sif Muna
Uskayaw
Wu Jian
Xom

▒.....▒ ....
▒.....▒▒▒▒....
▒▒▒▒▒▒+▒▒▒'▒▒....▒
▒...........▒....▒
+...........▒....▒
▒...........▒....▒
▒..▒▒...<...▒....▒
▒▒ ▒...▒▒+▒▒....▒
▒...▒....8...▒
▒....▒...J....▒
▒▒...▒............
▒...▒..>.........
....▒.........!..
.....▒............
▒............
...▒▒▒▒▒▒▒▒▒▒


You could see a jelly.


Message History

Found an escape hatch in the floor.
Found a grey potion.
The helpless jelly fails to defend itself.
You hit the jelly. The acid corrodes you!
Your hands burn!
The jelly is lightly wounded.
You block the jelly's attack.
You hit the jelly. The acid corrodes you!
Your hands burn!
The jelly is heavily wounded.
The jelly hits you.
You are splashed with acid!
* * * LOW HITPOINT WARNING * * *
You hit the jelly but do no damage.
Your hands burn!
* * * LOW HITPOINT WARNING * * *
The jelly is heavily wounded.
The jelly hits you.
* * * LOW HITPOINT WARNING * * *
You are splashed with acid!
* * * LOW HITPOINT WARNING * * *
You are confused.
You feel invigorated. The jelly hits you.
* * * LOW HITPOINT WARNING * * *
The acid corrodes you!
You are splashed with acid!
You die...

Action                   |  1- 3 |  4- 6 || total
-------------------------+-------+-------++-------
Melee: Mace              |   106 |    26 ||   132
       Punch             |     1 |       ||     1
  Use: Potion            |       |     1 ||     1
 Stab: Sleeping          |     8 |     3 ||    11
Armor: Robe              |    14 |       ||    14
       Leather armour    |    16 |     4 ||    20
Dodge: Dodged            |    62 |     5 ||    67
Block: Other             |       |     4 ||     4

Levels and vault maps discovered:
D:1:      psy_arrival_spokes, layout_basic, minmay_octomino_j4
D:2:      layout_basic, hellmonk_ecumenical_altar_arch_garden,
          minmay_misc_feat_tower, fountainhead, hangedman_decor_lopped
D:3:      layout_basic, grunt_temple_overflow_cloverleaf, serial_forest,
          infiniplex_forest_lined_1, infiniplex_forest_clump_tiny,
          infiniplex_forest_lined_room_2, infiniplex_forest_fountain,
          infiniplex_forest_diagonal, infiniplex_forest_clump_double,
          infiniplex_forest_lined_3_way
D:4:      layout_gridville, serial_rivers, chequers_serial_rivers_small_3,
          chequers_serial_rivers_micro_b, chequers_serial_rivers_micro_c,
          chequers_serial_rivers_micro_a, chequers_serial_rivers_large_b,
          uniq_edmund

Notes
Turn   | Place    | Note
-------+----------+-------------------------------------------
     0 | D:1      | sanka the Gargoyle Monk began the quest for the Orb.
     0 | D:1      | Reached XP level 1. HP: 14/14 MP: 1/1
    80 | D:1      | Reached XP level 2. HP: 11/19 MP: 2/2
   657 | D:1      | Reached skill level 4 in Maces & Flails
   880 | D:1      | Reached XP level 3. HP: 23/23 MP: 3/3
  1395 | D:2      | Found a faded altar of an unknown god.
  1589 | D:2      | Identified the +1 leather armour of Piafext {rElec rPois
                  | rC+ Slay-4}
  2354 | D:3      | Reached XP level 4. HP: 28/28 MP: 4/4
  2576 | D:3      | Reached skill level 5 in Maces & Flails
  2929 | D:3      | Found a shimmering altar of Xom.
  2932 | D:3      | Found an ornate altar of the Wu Jian Council.
  2940 | D:3      | Found a hide-covered altar of Uskayaw.
  2943 | D:3      | Found a shimmering blue altar of Sif Muna.
  3126 | D:4      | HP: 1/28 [acid (7)]
  3127 | D:4      | Splashed by a jelly's acid

Vanquished Creatures
  2 adders
  3 ball pythons
  6 bats
  8 endoplasms
  4 giant cockroaches
  6 goblins
  6 hobgoblins
  6 kobolds
  2 quokkas (D:3)
  2 frilled lizards
  7 rats
52 creatures vanquished.

Vanquished Creatures (others)
  A plant (D:3)
1 creature vanquished.

Grand Total: 53 creatures vanquished
